 Dungeon Crawl Stone Soup version 0.19.0-19-g8c6edcc (webtiles) character file.

241675 JeffiDaFish the Peltast (level 19, -19/127 HPs)
             Began as a Gargoyle Fighter on Nov 12, 2016.
             Was the Champion of Makhleb.
             Killed from afar by a deep elf high priest (24 damage)
             ... with damnation
             ... on level 3 of the Elven Halls on Nov 13, 2016.
             The game lasted 02:11:33 (33875 turns).

JeffiDaFish the Peltast (Gargoyle Fighter)         Turns: 33875, Time: 02:11:34

Health: -19/127    AC: 57    Str: 25    XL:     19   Next: 36%
Magic:  31/31      EV: 10    Int: 17    God:    Makhleb [******]
Gold:   2949       SH: 19    Dex: 16    Spells: 1 memorised, 29 levels left

rFire  . . .     SeeInvis .     w - +9 flail (vamp)
rCold  . . .     Gourm    .     L - +9 plate armour {MR+}
rNeg   + . .     Faith    .     N - +0 shield of Owess {*Contam rCorr Int+7}
rPois  ∞         Spirit   .     E - +2 helmet
rElec  +         Reflect  +     s - +1 cloak
rCorr  +         Harm     .     n - +2 pair of gloves
MR     ++...                    G - +0 pair of boots
Stlth  ..........               I - +4 amulet of reflection
                                j - +5 ring of dexterity
                                K - +5 ring of protection

@: flying, drained
A: big wings, rugged brown scales 1, negative energy resistance 1, electricity
resistance, unbreathing, petrification resistance, rot immunity, AC +13
a: Stop Flying, Minor Destruction, Lesser Servant of Makhleb, Major Destruction,
Greater Servant of Makhleb, Renounce Religion
}: 2/15 runes: decaying, serpentine


You were on level 3 of the Elven Halls.
You worshipped Makhleb.
Makhleb was exalted by your worship.
You were not hungry.

You visited 7 branches of the dungeon, and saw 34 of its levels.
You also visited: Labyrinth, Sewer and Ice Cave.

You collected 4086 gold pieces.
You spent 1137 gold pieces at shops.

Inventory:

Hand Weapons
 w - a +9 vampiric flail (weapon)
 V - a +6 dire flail of protection
Armour
 n - a +2 pair of gloves (worn)
 s - a +1 cloak (worn)
 E - a +2 helmet (worn)
 G - a +0 pair of boots (worn)
 L - a +9 plate armour of magic resistance (worn)
 N - the +0 shield of Owess (worn) {*Contam rCorr Int+7}
   (You took it off Donald on level 3 of the Snake Pit)

   It affects your intelligence (+7).
   It causes magical contamination when unequipped.
   It protects you from acid and corrosion.
Jewellery
 j - a +5 ring of dexterity (right hand)
 t - an uncursed ring of see invisible
 I - a +4 amulet of reflection (around neck)
 K - a +5 ring of protection (left hand)
Wands
 h - a wand of heal wounds (0/9)
 z - a wand of disintegration (23/24)
 J - a wand of teleportation (5/9)
Scrolls
 c - 2 scrolls of magic mapping
 q - 5 scrolls of blinking
 r - 14 scrolls of remove curse
 v - 8 scrolls of teleportation
 y - 8 scrolls of recharging
 A - a scroll of summoning
 M - 9 scrolls of identify
 S - 3 scrolls of fog
Potions
 a - 3 potions of haste
 d - 4 potions of berserk rage
 e - 3 potions of cancellation
 i - 2 potions of magic
 k - 4 potions of cure mutation
 l - 3 potions of brilliance
 m - 15 potions of curing
 B - 4 potions of agility
 D - a potion of invisibility
 H - 3 potions of ambrosia
Books
 F - a book of Flames

   Spells                             Type                      Level
   a - Flame Tongue                   Conjuration/Fire             1
   b - Throw Flame                    Conjuration/Fire             2
   c - Conjure Flame                  Conjuration/Fire             3
   d - Inner Flame                    Hexes/Fire                   3
   e - Sticky Flame                   Conjuration/Fire             4
   f - Fireball                       Conjuration/Fire             5
 Q - a book of Fire

   Spells                             Type                      Level
   a - Ignite Poison                  Fire/Transmutation/Poison    3
   b - Fireball                       Conjuration/Fire             5
   c - Bolt of Fire                   Conjuration/Fire             6
   d - Delayed Fireball               Conjuration/Fire             7
   e - Ring of Flames                 Charms/Fire                  7
Miscellaneous
 b - a phial of floods
Comestibles
 f - 17 bread rations
 g - 11 meat rations
 o - 40 fruits
 p - 2 chunks of flesh
 u - 6 slices of pizza
 x - 7 beef jerkies


   Skills:
 * Level 15.4(14.7) Fighting
 * Level 16.6(15.9) Maces & Flails
 * Level 15.9(15.2) Armour
 - Level 3.6(3.1) Dodging
 - Level 1.7(1.2) Stealth
 * Level 17.1(16.4) Shields
 + Level 8.2(7.6) Spellcasting
 + Level 9.2(8.6) Conjurations
   Level 2.2(1.7) Necromancy
 + Level 8.4(7.8) Fire Magic


You had 29 spell levels left.
You knew the following spells:

 Your Spells              Type           Power        Failure   Level  Hunger
b - Fireball              Conj/Fire      ####......   78%         5    #####..


Dungeon Overview and Level Annotations

Branches:
Dungeon (14/15)            Temple (1/1) D:5            Lair (6/6) D:11
  Swamp (4/4) Lair:4        Snake (4/4) Lair:2        Slime (0/5) Lair:6
    Orc (2/2) D:11            Elf (3/3) Orc:2        Vaults (0/5) D:14

Altars:
Ashenzari
Cheibriados
Dithmenos
Elyvilon
Fedhas
Gozag
Hepliaklqana
Kikubaaqudgha
Makhleb
Nemelex Xobeh
Okawaru
Qazlal
Ru
Sif Muna
Trog
Uskayaw
Vehumet
Xom
Yredelemnul
Zin
The Shining One
Beogh
Jiyva

Shops:
D:8 ?   D:11 }   D:12 (   Orc:1 *   Orc:2 *:*}*   Elf:1 %   Elf:3 :
Snake:2 =}=

Portals:
Hell: Lair:6

Annotations:
D:9 Maurice


Innate Abilities, Weirdness & Mutations

You are resistant to torment.
Your stone body is resilient. (AC +13)
You are immune to poison.
Your large and strong wings let you fly indefinitely.
You resist negative energy. (rN+)
You are resistant to electric shocks. (rElec)
You can survive without breathing.
You are immune to petrification.
You are immune to rotting.
You are partially covered in rugged brown scales. (AC +1, +3% HP)


Message History

The deep elf high priest wields a glowing shortbow.
It is covered in frost.
The deep elf high priest shoots an arrow.
You reflect the arrow off an invisible shield around you!
The arrow closely misses the deep elf high priest.
The deep elf high priest utters a dark prayer and points at you.
Your life force is offered up.
* * * LOW HITPOINT WARNING * * *
The ghostly deep elf blademaster is healed.
The deep elf high priest shoots an arrow.
The arrow hits you.
* * * LOW HITPOINT WARNING * * *
The arrow freezes you.
* * * LOW HITPOINT WARNING * * *
You hear a splash.
The deep elf death mage beckons forth a restless soul!
The deep elf high priest intones a terrible prayer.
The deep elf high priest invokes the aid of its god against you.
The sphere of damnation explodes!
The damnation engulfs you!
You die...

#≈≈# #... #≈)# ####
#≈≈# # #..# # #..#
# #..# # #..# ####
#..# #'..
######.@###### ####
#.(e≈≈(.≈≈)..#
#..e≈≈..≈≈x4(###
......e≈≈x1≈≈.(ee.#
.###...≈≈..≈≈..e#*#
######(.######e#
.......


ee* #### ......... eee*. #..# ....⌠..⌠........' #... You could see a Hell
Sentinel, a deep elf blademaster, a ghostly deep elf blademaster, a deep elf
death mage, a deep elf demonologist, 2 deep elf high priests, a hellwing, a
small abomination, a lost soul and a crawling corpse.

Vanquished Creatures
  Mara (Swamp:3)
  The ghost of f0rbidden the Cleaver, an adept HuFi of Makhleb (Swamp:3)
  A deep elf blademaster (Elf:2)
  Frances (Snake:1)
  Gastronok (Orc:1)
  Donald (Snake:3)
  3 thorn hunters
  7 nagarajas (Snake:4)
  2 deep elf sorcerers
  Aizul (Snake:1)
  A deep elf elementalist (Elf:3)
  2 deep elf demonologists (Elf:2)
  A deep elf annihilator (Elf:1)
  Azrael (Orc:2)
  A minotaur (Lab)
  An ettin (Orc:1)
  A deep elf death mage (Elf:3)
  4 ogre magi (Orc:2)
  A deep elf high priest (Elf:1)
  8 naga warriors
  A hell beast (Lair:6)
  A centaur warrior (D:13)
  Harold (D:10)
  17 hydras
  An ice dragon (Swamp:4)
  Erica (D:10)
  11 anacondas
  5 alligators
  A ghost crab (Swamp:1)
  16 dancing weapons
  9 shock serpents
  The ghost of Placid the Basher, a novice DrCK of Xom (D:10)
  Urug (Orc:1)
  11 naga sharpshooters
  16 deep elf knights
  3 salamander mystics
  2 sea snakes (Snake:3)
  4 deep elf archers
  2 unseen horrors (D:14)
  4 naga ritualists
  Pikel (D:5)
  2 shambling mangroves
  6 hill giants
  10 swamp dragons
  3 wizards
  10 mana vipers
  4 cyclopes
  2 orc knights
  43 deep elf magi
  The ghost of Spectrina the Bolt Thrower, a novice FoHu (D:6)
  7 ugly things
  3 orc sorcerers
  12 salamanders
  10 elephants
  3 guardian serpents
  Joseph (D:7)
  5 centaur zombies
  A guardian serpent (shapeshifter) (D:14)
  28 naga magi
  25 spiny frogs
  31 black mambas
  A gargoyle (D:14)
  Psyche (D:9)
  5 orange demons (Lair:6)
  3 rime drakes (Lair:6)
  A hellwing (Lair:6)
  A tengu conjurer (D:14)
  9 komodo dragons
  A red devil (Lair:6)
  3 ice devils (Lair:6)
  The ghost of Drenieon the Destroyer, a novice DECj (D:4)
  6 trolls
  A polar bear (Lair:6)
  9 hornets
  2 tyrant leeches
  7 bog bodies
  15 two-headed ogres
  A harpy skeleton (D:11)
  6 blink frogs
  6 hippogriffs
  20 slime creatures
  3 vampires
  An air elemental (Elf:1)
  A wraith (D:14)
  5 shadows
  A water elemental (Elf:1)
  27 yaks
  Sigmund (D:5)
  2 spriggans
  4 fire elementals (Orc:2)
  4 wyverns
  9 basilisks
  11 vampire mosquitoes
  The ghost of Konquest the Skirmisher, an amateur GrBe of Trog (D:3)
  A mottled dragon (D:14)
  7 swamp worms
  39 nagas
  7 water moccasins
  3 insubstantial wisps (Swamp:2)
  2 soldier ants (D:14)
  3 hell hounds (Orc:2)
  8 swamp drakes
  6 porcupines
  Purgy (Sewer)
  7 ice beasts
  17 orc warriors
  3 sky beasts
  20 ogres
  2 phantoms
  9 wolves
  6 boggarts (D:12)
  2 black bears
  8 crocodiles
  4 centaurs
  2 big kobolds
  18 bullfrogs
  3 earth elementals
  A water moccasin skeleton (D:10)
  4 killer bees (D:13)
  5 scorpions
  11 wights
  3 howler monkeys (D:12)
  3 electric eels
  4 crimson imps
  A jelly (D:7)
  2 quasits
  5 hounds
  A bullfrog skeleton (D:7)
  2 bullfrog zombies (D:10)
  11 orc priests
  5 centaur skeletons
  3 iguanas
  33 orc wizards
  12 worker ants
  A killer bee zombie (D:8)
  A hound zombie (D:6)
  A hound skeleton (D:7)
  A howler monkey zombie (D:6)
  A worker ant zombie (D:9)
  13 adders
  6 shadow imps
  An ooze (D:6)
  An adder zombie (D:10)
  2 worms
  A dart slug (D:3)
  6 leopard geckos
  98 orcs
  4 bats
  7 giant cockroaches
  8 goblins
  5 hobgoblins
  6 jackals
  2 quokkas
  3 ball pythons
  2 frilled lizards
  20 kobolds
  A leopard gecko zombie (D:7)
  A quokka skeleton (D:5)
  8 rats
  2 briar patches
  A crawling corpse (Elf:3)
1012 creatures vanquished.

Vanquished Creatures (others)
  2 deep elf master archers (Elf:3)
  A naga sharpshooter (Snake:4)
  A deep elf knight (Elf:2)
  A deep elf archer (Elf:2)
  A salamander (Snake:2)
  A guardian serpent (Snake:4)
  2 naga magi (Snake:4)
  A black mamba (Snake:4)
  A tengu conjurer (D:14)
  A swamp drake (Swamp:4)
  2 slaves (D:5)
  An orc wizard (D:4)
  An ooze (D:5)
  An orc (Orc:2)
  2 briar patches (Swamp:4)
  A fungus (Lair:3)
  A plant (Snake:3)
21 creatures vanquished.

Grand Total: 1033 creatures vanquished

Notes
Turn   | Place    | Note
-------+----------+-------------------------------------------
     0 | D:1      | JeffiDaFish the Gargoyle Fighter began the quest for the Orb.
     0 | D:1      | Reached XP level 1. HP: 14/14 MP: 1/1
   339 | D:1      | Reached XP level 2. HP: 19/19 MP: 2/2
   884 | D:2      | Reached XP level 3. HP: 16/23 MP: 3/3
   953 | D:2      | Reached skill level 4 in Shields
  1124 | D:2      | Reached XP level 4. HP: 28/28 MP: 4/4
  1644 | D:2      | Found a blossoming altar of Fedhas.
  1888 | D:3      | Found a sacrificial altar of Ru.
  1892 | D:3      | Noticed Konquest's ghost (amateur GrBe)
  1908 | D:3      | Killed Konquest's ghost
  1908 | D:3      | Reached XP level 5. HP: 13/33 MP: 5/5
  2335 | D:3      | Found a shimmering altar of Xom.
  2342 | D:3      | Found a snail-covered altar of Cheibriados.
  2342 | D:3      | Found a hide-covered altar of Uskayaw.
  2343 | D:3      | Found a sacrificial altar of Ru.
  2344 | D:3      | Found a shadowy altar of Dithmenos.
  2345 | D:3      | Found a basalt altar of Yredelemnul.
  2346 | D:3      | Found a glowing golden altar of the Shining One.
  2578 | D:3      | Reached XP level 6. HP: 38/38 MP: 6/6
  3065 | D:4      | Noticed Drenieon's ghost (novice DECj)
  3077 | D:4      | Killed Drenieon's ghost
  3077 | D:4      | Reached skill level 1 in Dodging
  3077 | D:4      | Reached skill level 5 in Shields
  3077 | D:4      | Reached XP level 7. HP: 43/43 MP: 7/7
  3149 | D:4      | Reached skill level 5 in Maces & Flails
  3301 | D:4      | Gained mutation: You are partially covered in rugged brown scales. (AC +1, +3% HP) [potion of mutation]
  3301 | D:4      | Gained mutation: You are frail. (-10% HP) [potion of mutation]
  3301 | D:4      | Gained mutation: You are agile. (Dex +2) [potion of mutation]
  3565 | D:4      | Found a blossoming altar of Fedhas.
  3885 | D:5      | Entered Level 5 of the Dungeon
  3987 | D:5      | Noticed Pikel
  4006 | D:5      | Killed Pikel
  4006 | D:5      | Reached skill level 5 in Armour
  4006 | D:5      | Reached skill level 6 in Shields
  4006 | D:5      | Reached XP level 8. HP: 24/44 MP: 8/8
  4102 | D:5      | Killed Sigmund
  4193 | D:5      | Found a staircase to the Ecumenical Temple.
  4198 | Temple   | Entered the Ecumenical Temple
  4252 | Temple   | Became a worshipper of Makhleb the Destroyer
  4323 | D:5      | Found a glowing drain.
  4398 | Sewer    | Entered a sewer
  4454 | Sewer    | Noticed Purgy
  4480 | Sewer    | Killed Purgy
  4480 | Sewer    | Reached skill level 5 in Fighting
  4795 | D:6      | Noticed Spectrina's ghost (novice FoHu)
  4822 | D:6      | Killed Spectrina's ghost
  4822 | D:6      | Reached skill level 7 in Shields
  4822 | D:6      | Reached XP level 9. HP: 47/50 MP: 9/9
  4869 | D:6      | Reached * piety under Makhleb
  5171 | D:6      | Found an opulent altar of Gozag.
  5172 | D:6      | Found a sparkling altar of Nemelex Xobeh.
  5234 | D:6      | Reached skill level 1 in Stealth
  5669 | D:7      | Reached skill level 8 in Shields
  5856 | D:7      | Noticed Joseph
  5870 | D:7      | Killed Joseph
  5873 | D:7      | Reached ** piety under Makhleb
  6052 | D:7      | Got a warped iron ring
  6054 | D:7      | Identified the cursed ring "Ihoreetakk" {MR+ AC-3 Dex+3} (You found it on level 7 of the Dungeon)
  6163 | D:8      | Reached XP level 10. HP: 55/55 MP: 10/10
  6384 | D:8      | Found Rayvaosa's Magic Scroll Shop.
  6391 | D:8      | Reached skill level 9 in Shields
  6566 | D:8      | Found a glowing silver altar of Zin.
  7477 | D:9      | Noticed Maurice
  7534 | D:9      | Noticed Psyche
  7539 | D:9      | Killed Psyche
  7618 | D:9      | Reached *** piety under Makhleb
  7618 | D:9      | Reached skill level 10 in Maces & Flails
  7660 | D:10     | Entered Level 10 of the Dungeon
  7662 | D:10     | Noticed Erica
  7666 | D:10     | Reached skill level 10 in Shields
  7693 | D:10     | Killed Erica
  7724 | D:10     | Noticed a hill giant
  7732 | D:10     | Killed a hill giant
  7732 | D:10     | Reached XP level 11. HP: 54/62 MP: 11/11
  7737 | D:10     | Noticed Placid's ghost (novice DrCK)
  7789 | D:10     | Killed Placid's ghost
  8045 | D:10     | Noticed Harold
  8073 | D:10     | Killed Harold
  8293 | D:11     | Found a labyrinth entrance.
  8308 | Lab      | Entered a labyrinth
 11723 | Lab      | Noticed a minotaur
 11735 | Lab      | Killed a minotaur
 11735 | Lab      | Reached skill level 11 in Shields
 11740 | Lab      | Got a scintillating pewter amulet
 11754 | Lab      | Identified the amulet of Tulips {Harm *Drain Dex+3} (You found it in a labyrinth)
 11796 | D:11     | Noticed a seven-headed hydra
 11807 | D:11     | Killed a seven-headed hydra
 11877 | D:11     | Noticed a hill giant
 11885 | D:11     | Killed a hill giant
 12038 | D:11     | Lost mutation: You are frail. (-10% HP) [potion of cure mutation]
 12038 | D:11     | Lost mutation: You are agile. (Dex +2) [potion of cure mutation]
 12073 | D:11     | Reached **** piety under Makhleb
 12111 | D:11     | Noticed an orc knight
 12129 | D:11     | Killed an orc knight
 12206 | D:11     | Found a roughly hewn altar of Beogh.
 12206 | D:11     | Found a staircase to the Orcish Mines.
 12303 | D:11     | Reached XP level 12. HP: 75/75 MP: 12/12
 12339 | D:11     | Found a staircase to the Lair.
 12409 | D:11     | Found Ykant's Gadget Shop.
 12660 | Lair:1   | Entered Level 1 of the Lair of Beasts
 12693 | Lair:1   | Reached ***** piety under Makhleb
 12767 | Lair:1   | Learned a level 5 spell: Agony
 13248 | Lair:1   | Reached skill level 1 in Spellcasting
 13424 | Lair:2   | Found a staircase to the Snake Pit.
 13441 | Lair:2   | Reached skill level 12 in Shields
 13492 | Lair:2   | Reached skill level 1 in Necromancy
 14489 | Lair:3   | Noticed an eight-headed hydra
 14496 | Lair:3   | Killed an eight-headed hydra
 14509 | Lair:3   | Noticed an eight-headed hydra
 14522 | Lair:3   | Killed an eight-headed hydra
 14603 | Lair:3   | Reached skill level 10 in Armour
 14773 | Lair:3   | Reached XP level 13. HP: 82/82 MP: 16/16
 15599 | Lair:4   | Found a staircase to the Swamp.
 15720 | Lair:4   | Reached skill level 10 in Fighting
 15971 | Lair:4   | Learned a level 5 spell: Fireball
 17108 | Lair:6   | Entered Level 6 of the Lair of Beasts
 17146 | Lair:6   | Reached skill level 1 in Conjurations
 17197 | Lair:6   | Reached skill level 1 in Fire Magic
 17506 | Lair:6   | Reached skill level 13 in Shields
 17540 | Lair:6   | Reached ****** piety under Makhleb
 17558 | Lair:6   | Gained mutation: Your large and strong wings let you fly indefinitely. [Gargoyle growth]
 17558 | Lair:6   | Reached XP level 14. HP: 78/90 MP: 18/18
 17636 | Lair:6   | Found a viscous altar of Jiyva.
 17636 | Lair:6   | Found a staircase to the Slime Pits.
 17964 | Lair:6   | Found a burning altar of Makhleb.
 18189 | Lair:6   | Found a gateway to Hell.
 18715 | D:12     | Identified Sif Muna's Papyrus of Torrid Poisoning
 18756 | D:12     | You fall through a shaft for 2 floors!
 19233 | D:14     | Found a glowing golden altar of the Shining One.
 19510 | D:14     | Found a gate to the Vaults.
 19729 | D:13     | Found a frozen archway.
 19738 | IceCv    | Entered an ice cave
 20164 | D:13     | Reached XP level 15. HP: 98/98 MP: 21/21
 20561 | D:12     | Found Qyl Vuog's Weapon Boutique.
 20881 | D:12     | Reached skill level 14 in Shields
 21154 | Orc:1    | Entered Level 1 of the Orcish Mines
 21169 | Orc:1    | Noticed Urug
 21191 | Orc:1    | Killed Urug
 21395 | Orc:1    | Found Ykeysirph's Assorted Antiques.
 21423 | Orc:1    | Noticed Gastronok
 21447 | Orc:1    | Killed Gastronok
 21876 | Orc:2    | Entered Level 2 of the Orcish Mines
 21876 | Orc:2    | Found a staircase to the Elven Halls.
 21988 | Orc:2    | Reached skill level 5 in Conjurations
 22000 | Orc:2    | Found Votyixu's Assorted Antiques.
 22117 | Orc:2    | Noticed Azrael
 22146 | Orc:2    | Killed Azrael
 22449 | Orc:2    | Found Pasiodib's Gadget Shoppe.
 22490 | Orc:2    | Reached skill level 5 in Spellcasting
 22543 | Orc:2    | Reached skill level 5 in Fire Magic
 22587 | Orc:2    | Found Lotzybil's General Store.
 22588 | Orc:2    | Found Vetriovu's Assorted Antiques.
 22588 | Orc:2    | Found Xeloriry's Book Shop.
 22627 | Orc:2    | Bought a scroll of enchant armour for 202 gold pieces
 23091 | Snake:1  | Entered Level 1 of the Snake Pit
 23097 | Snake:1  | Noticed Aizul
 23113 | Snake:1  | Killed Aizul
 23467 | Snake:1  | Noticed Frances
 23483 | Snake:1  | Killed Frances
 23794 | Snake:1  | Reached XP level 16. HP: 106/106 MP: 23/23
 25040 | Snake:2  | Found Loseq's Jewellery Shoppe.
 25040 | Snake:2  | Found Colupaw's Gadget Shop.
 25041 | Snake:2  | Found Unnounge's Jewellery Shoppe.
 25050 | Snake:2  | Bought a +5 ring of protection for 935 gold pieces
 25690 | Snake:3  | Reached skill level 15 in Maces & Flails
 25933 | Snake:3  | Reached skill level 15 in Shields
 26590 | Snake:3  | Noticed Donald
 26604 | Snake:3  | Killed Donald
 26608 | Snake:3  | Got a spiked shield
 26619 | Snake:3  | Identified the +0 shield of Owess {*Contam rCorr Int+7} (You took it off Donald on level 3 of the Snake Pit)
 26870 | Snake:4  | Entered Level 4 of the Snake Pit
 27127 | Snake:4  | Noticed a nagaraja
 27134 | Snake:4  | Noticed a nagaraja
 27154 | Snake:4  | Reached XP level 17. HP: 84/112 MP: 26/26
 27508 | Snake:4  | Got a serpentine rune of Zot
 28250 | Swamp:1  | Entered Level 1 of the Swamp
 29244 | Swamp:2  | You are sucked into a shaft!
 29276 | Swamp:3  | Reached skill level 16 in Shields
 29593 | Swamp:3  | Noticed f0rbidden's ghost (adept HuFi)
 29647 | Swamp:3  | Killed f0rbidden's ghost
 29788 | Swamp:3  | Noticed Mara
 29804 | Swamp:3  | Killed Mara
 29804 | Swamp:3  | Reached XP level 18. HP: 120/120 MP: 28/28
 29893 | Swamp:4  | Entered Level 4 of the Swamp
 29937 | Swamp:4  | Reached skill level 15 in Armour
 30358 | Swamp:4  | Got a decaying rune of Zot
 30619 | Elf:1    | Entered Level 1 of the Elven Halls
 30932 | Elf:1    | Found Syolojig's Food Shoppe.
 31463 | Elf:2    | Noticed a Tzitzimitl
 31470 | Elf:2    | Found a huge runed gate.
 31470 | Elf:2    | Found a huge runed gate.
 31470 | Elf:2    | Found a huge runed gate.
 31471 | Elf:2    | Found a huge runed gate.
 31472 | Elf:2    | Found a huge runed gate.
 31726 | Elf:2    | Reached skill level 15 in Fighting
 32166 | Elf:2    | Reached XP level 19. HP: 120/127 MP: 29/31
 32549 | Elf:2    | Reached skill level 17 in Shields
 32898 | Elf:3    | Entered Level 3 of the Elven Halls
 33086 | Elf:3    | Found Nufug's Book Boutique.
 33377 | Elf:3    | HP: 5/127 [deep elf death mage/bolt of negative energy (15)]
 33793 | Elf:3    | Noticed a Hell Sentinel
 33795 | Elf:3    | Noticed a Brimstone Fiend
 33855 | Elf:3    | Noticed a Hell Sentinel
 33865 | Elf:3    | Noticed a Hell Sentinel
 33874 | Elf:3    | HP: 5/127 [deep elf high priest/arrow (2)]
 33875 | Elf:3    | Killed from afar by a deep elf high priest

Skill      XL: |  1  2  3  4  5  6  7  8  9 10 11 12 13 14 15 16 17 18 19 |
---------------+----------------------------------------------------------+-----
Shields        | 4 5 6 7 8 10 11 12 13 14 15 16 17 | 17.1
Maces & Flails | 3 4 6 7 9 10 11 12 13 14 15 16 | 16.6
Armour         | 4 5 6 7 8 10 11 12 13 14 15 | 15.9
Fighting       | 4 5 6 7 9 10 11 12 13 14 15 | 15.4
Dodging        | 1 2 3 |  3.6
Stealth        | 1 |  1.7
Spellcasting   | 2 3 4 5 6 7 8 |  8.2
Necromancy     | 1 2 |  2.2
Conjurations   | 2 4 6 7 8 9 |  9.2
Fire Magic     | 2 4 5 6 7 8 |  8.4

Action                   |  1- 3 |  4- 6 |  7- 9 | 10-12 | 13-15 | 16-18 | 19-21 || total
-------------------------+-------+-------+-------+-------+-------+-------+-------++-------
Melee: Flail             |   115 |    91 |   412 |   801 |  1517 |  1859 |   242 ||  5037
 Abil: Fly               |       |       |       |       |       |     1 |       ||     1
Evoke: Wand              |       |       |       |       |       |       |     2 ||     2
  Use: Scroll            |    10 |     6 |     9 |    12 |    15 |    13 |     2 ||    67
       Potion            |     3 |     2 |     5 |     7 |     8 |     1 |     5 ||    31
  Eat: Chunk             |     1 |     6 |    11 |    16 |    26 |    25 |     5 ||    90
       Bread ration      |       |       |       |     2 |       |       |       ||     2
       Fruit             |       |       |       |     1 |     2 |     5 |     1 ||     9
       Meat ration       |       |       |       |     1 |       |       |       ||     1
Armor: Scale mail        |    20 |       |       |       |       |       |       ||    20
       Chain mail        |    67 |    31 |   242 |    30 |       |       |       ||   370
       Plate armour      |       |       |       |   332 |   832 |   963 |   188 ||  2315
Dodge: Dodged            |    56 |     7 |   106 |   162 |   407 |   440 |    52 ||  1230
Block: Shield            |    85 |    50 |   326 |   536 |  1231 |  1642 |   243 ||  4113
       Reflection        |       |       |       |       |       |   147 |    27 ||   174
